cohdb
Replays
Latest Replays
All Replays
Popular Replays
Top Player Replays
Match Explorer
How It Works
Community
CoH3 Stats
Reddit
Sign in to upload your games and track your stats! →
Sign in with Steam
Match 45270040
Unlisted
Match 45270040
Overview
Messages
Build Orders
End
Panzergrenadier Squad
Selects Battlefield Espionage Battlegroup
Panzergrenadier Squad
Panzergrenadier Squad
Construct Light Support Kompanie
2.5-tonne Medical Truck
Selects Intel Disruption Beacon
Fire Support Elements
Selects 250/3 Funkpanzerwagen
Flakvierling Half-track
Selects Plunder
Assault Grenadier Squad
Assault Grenadier Squad
Selects Firestorm
Firestorm
Construct Mechanized Kompanie
Construct Panzerarmee Kommand
Selects 250/3 Funkpanzerwagen
Selects Advanced Ambush Training
2.5-tonne Medical Truck
Walking Stuka Rocket Launcher
le.IG 18 Mechanized Group
Panzergrenadier Squad
Walking Stuka Rocket Launcher
Selects Operation Skorpion
Flak 36 Anti-tank Gun Team
Panzerjäger Squad
Armored Reserves
Panzergrenadier Squad
Rallinator
Boldicus Mantious
[7R] Ronny-Killer4
Minimi
Skeng.Tecnica.International
Just Stalin You
Rather Splendid Cromwell
MasterPain
0
0
Comments
sign in to comment!
No comments posted yet!